 Dungeon Crawl Stone Soup version 0.19-a0-518-g626ee58 (webtiles) character file.

592 Jarlath the Conjurer (level 7, -5/43 HPs)
             Began as a High Elf Conjurer on June 6, 2016.
             Killed by nerve-wracking pain
             ... invoked by a shadow imp
              (13 damage)
             ... on level 5 of the Dungeon.
             The game lasted 00:08:15 (6259 turns).

Jarlath the Conjurer (High Elf Conjurer)            Turns: 6259, Time: 00:08:16

Health: -5/43      AC:  6    Str:  7      XL:     7   Next: 16%
Magic:  15/15      EV: 12    Int: 21      God:
Gold:   210        SH:  0    Dex: 15 (16) Spells: 4 memorised, 4 levels left

rFire  . . .     SeeInvis .     p - +0 falchion
rCold  . . .     Gourm    .     n - +0 leather armour
rNeg   . . .     Faith    .     (no shield)
rPois  .         Spirit   .     (no helmet)
rElec  .         Dismiss  .     (no cloak)
rCorr  .         Reflect  .     x - +0 pair of gloves
SustAt .         Harm     .     l - +1 pair of boots
MR     .....     Clarity  +     (no amulet)
Stlth  ++........               (no ring)
                                (no ring)

@: exhausted, slowed, very slow, not resistant to hostile enchantments,
unstealthy
A: clarity, deterioration 1, MP-powered wands
a: no special abilities


You were on level 5 of the Dungeon.
You were not hungry.

You visited 1 branch of the dungeon, and saw 5 of its levels.

You collected 210 gold pieces.

Inventory:

Hand Weapons
 p - a +0 falchion (weapon)
Armour
 l - a +1 pair of boots (worn)
 n - a +0 leather armour (worn)
 x - a +0 pair of gloves (worn)
Wands
 w - a wand of digging (13/24)
Scrolls
 a - a scroll of recharging {unknown}
 d - 2 scrolls of fear
 i - a scroll of remove curse
 m - 2 scrolls of identify
 o - a scroll of blinking {unknown}
 q - 3 scrolls of enchant armour
 r - a scroll of noise {unknown}
Potions
 e - a potion of curing
 f - a potion of might
 j - a potion of invisibility
 t - a potion of degeneration {unknown}
 v - a potion of heal wounds {unknown}
Books
 b - a book of Conjurations

   Spells                             Type                      Level
   a - Magic Dart                     Conjuration                  1
   b - Searing Ray                    Conjuration                  2
   c - Dazzling Spray                 Conjuration/Hexes            3
   d - Fulminant Prism                Conjuration/Hexes            4
   e - Iskenderun's Mystic Blast      Conjuration                  4
   f - Iskenderun's Battlesphere      Conjuration/Charms           5
Comestibles
 k - a beef jerky
 u - a slice of pizza


   Skills:
 - Level 1.6 Fighting
 - Level 3.6 Long Blades
 - Level 2.1 Dodging
 - Level 2.1 Stealth
 - Level 5.1 Spellcasting
 * Level 7.2 Conjurations


You had 4 spell levels left.
You knew the following spells:

 Your Spells              Type           Power        Failure   Level  Hunger
a - Magic Dart            Conj           ####         1%          1    None
b - Searing Ray           Conj           #####.       1%          2    None
c - Iskenderun's Mystic   Conj           #####...     10%         4    ####...
d - Iskenderun's Battles  Conj/Chrm      ###.....     93%         5    #####..


Dungeon Overview and Level Annotations

Branches:
Dungeon (5/15)
 Temple: D:4-7

Altars:
Nemelex Xobeh
Sif Muna
Uskayaw
Yredelemnul

Shops:
D:4 }

Annotations:
D:5 Syn's ghost, novice OgFE


Innate Abilities, Weirdness & Mutations

You possess an exceptional clarity of mind.
Your body sometimes deteriorates upon taking damage.
You expend magic power (3 MP) to strengthen your wands.


Message History

Syn's ghost hits you.
You are electrocuted!
Your body deteriorates!
You feel clumsy. The shadow imp completely misses you.
You hit Syn's ghost but do no damage.
Syn's ghost is moderately damaged.
Syn's ghost hits you.
You are electrocuted!
The shadow imp misses you.
You slash Syn's ghost!
Syn's ghost is heavily damaged.
Syn's ghost hits you.
You are electrocuted!
* * * LOW HITPOINT WARNING * * *
You are too injured to fight recklessly!
You are too injured to fight recklessly!
You hit Syn's ghost.
Syn's ghost is heavily damaged.
You are no longer berserk.
You are exhausted.
You feel yourself slow down. The shadow imp gestures at you.
Pain shoots through your body!
You die...

############ #........
#......<...# ##........ #####
#..........###).....>.. ##...##
#....<.....#..))....... #.....##
#............##........ .......#
#..........####........
.......####.............##.......
.....†..........<.......###......
........###.....@.......# ##..###
#...............5W......# #.....
....<...###.####.)....######.....
............# ##..###............
.......##..## #.........).)......
#.....###..####........[#.##.....
##...## #...##.........[..#......
##### #.#......................
#.##............###......


You could see Syn's ghost and a shadow imp.

Vanquished Creatures
  A sky beast (D:5)
  A howler monkey (D:5)
  A crimson imp (D:4)
  A giant frog zombie (D:5)
  2 orc priests
  A giant frog skeleton (D:3)
  2 orc wizards
  4 worker ants
  3 adders
  A shadow imp (D:5)
  An adder skeleton (D:4)
  2 worms (D:4)
  2 dart slugs
  4 giant geckos
  20 orcs
  9 bats
  6 giant cockroaches
  4 goblins
  8 hobgoblins
  3 jackals
  A quokka (D:2)
  A ball python (D:2)
  A ball python skeleton (D:4)
  A giant gecko skeleton (D:4)
  A giant newt (D:4)
  2 gnoll zombies (D:4)
  7 kobolds
  2 quokka skeletons
  9 rats
101 creatures vanquished.

Notes
Turn   | Place    | Note
--------------------------------------------------------------
     0 | D:1      | Jarlath the High Elf Conjurer began the quest for the Orb.
     0 | D:1      | Reached XP level 1. HP: 11/11 MP: 4/4
   521 | D:1      | Reached XP level 2. HP: 5/17 MP: 0/6
   726 | D:1      | Learned a level 2 spell: Searing Ray
  1030 | D:2      | Found a faded altar of an unknown god.
  1108 | D:2      | Found a hide-covered altar of Uskayaw.
  1282 | D:2      | Reached XP level 3. HP: 22/22 MP: 4/8
  1362 | D:2      | Reached skill level 1 in Fighting
  1922 | D:3      | Reached XP level 4. HP: 14/28 MP: 1/11
  2066 | D:3      | Found a deep blue altar of Sif Muna.
  2431 | D:3      | Reached skill level 1 in Long Blades
  2569 | D:3      | Reached XP level 5. HP: 18/33 MP: 5/13
  2590 | D:3      | Learned a level 4 spell: Iskenderun's Mystic Blast
  2779 | D:4      | Reached skill level 5 in Spellcasting
  3046 | D:4      | Learned a level 5 spell: Iskenderun's Battlesphere
  3153 | D:4      | Reached skill level 5 in Conjurations
  3171 | D:4      | Found a sparkling altar of Nemelex Xobeh.
  3187 | D:4      | Found a sparkling altar of Nemelex Xobeh.
  3230 | D:4      | Found a basalt altar of Yredelemnul.
  3697 | D:4      | Found Oxtet's Gadget Emporium.
  3921 | D:5      | Entered Level 5 of the Dungeon
  3928 | D:5      | Reached XP level 6. HP: 35/38 MP: 6/14
  4584 | D:5      | Noticed Syn's ghost (novice OgFE)
  4930 | D:5      | Reached skill level 6 in Conjurations
  4938 | D:5      | Gained mutation: You possess an exceptional clarity of mind. [potion of mutation]
  4938 | D:5      | Gained mutation: Your body sometimes deteriorates upon taking damage. [potion of mutation]
  4938 | D:5      | Gained mutation: You expend magic power (3 MP) to strengthen your wands. [potion of mutation]
  5292 | D:5      | Noticed a sky beast
  5506 | D:5      | Killed a sky beast
  5506 | D:5      | Reached skill level 7 in Conjurations
  5506 | D:5      | Reached XP level 7. HP: 43/43 MP: 2/15
  6259 | D:5      | Killed from afar by a shadow imp

Vault maps used:
D:1:      minmay_arrival_diagonal_passages
D:2:      old_standard_altar, ecumenical_altar_2, first_bread
D:3:      gup_sewer_entry_bubbles, led_sif_pool
D:4:      lemuel_zombie_altar_yredelemnul, nemelex_xobeh_ov_fountains_minmay,
          serial_shops, shop, nemelex_lonely_heart_becter
D:5:      nicolae_overflow_hidden_temple

Skill      XL: |  1  2  3  4  5  6 |
---------------+-------------------+-----
Spellcasting   | 3 4 5 |  5.1
Fighting       | 1 |  1.6
Long Blades    | 1 2 3 |  3.6
Conjurations   | 5 7 |  7.2
Dodging        | |  2.1
Stealth        | |  2.1

Action                   |  1- 3 |  4- 6 |  7- 9 || total
-------------------------+-------+-------+-------++-------
Melee: Dagger            |    10 |       |       ||    10
       Short sword       |    40 |     2 |       ||    42
       Falchion          |       |    50 |    13 ||    63
 Cast: Magic Dart        |    56 |    30 |       ||    86
       Searing Ray       |     1 |    24 |     2 ||    27
       Iskenderun's Myst |       |     7 |     6 ||    13
  Use: Scroll            |     4 |     4 |     1 ||     9
       Potion            |       |     2 |     1 ||     3
 Stab: Sleeping          |     6 |     4 |       ||    10
  Eat: Chunk             |     3 |     5 |       ||     8
       Bread ration      |       |     1 |     1 ||     2
       Meat ration       |       |     1 |       ||     1
Armor: Robe              |     5 |       |       ||     5
       Leather armour    |     2 |    57 |     2 ||    61
Dodge: Dodged            |    35 |   137 |    10 ||   182
